 Dungeon Crawl Stone Soup version 0.27-a0-1545-g3eddc1d3d3 (webtiles) character file.

Game seed: 13504062363796008167

3048 nobodylovesbob the Grappler (level 9, -12/85 HPs)
             Began as a Troll Berserker on July 13, 2021.
             Was an Elder of Trog.
             Mangled by a two-headed ogre (16 damage)
             ... on level 10 of the Dungeon.
             The game lasted 00:13:55 (5900 turns).

nobodylovesbob the Grappler (Troll Berserker)       Turns: 5900, Time: 00:13:57

Health: -12/85     AC:  5    Str: 30    XL:     9   Next: 57%
Magic:  0/8        EV: 11    Int:  3    God:    Trog [****..]
Gold:   263        SH:  0    Dex:  9    Spells: 8/8 levels left

rFire    . . .     SeeInvis .     - Unarmed
rCold    . . .     Faith    .   (no shield)
rNeg     . . .     Spirit   +   a - +1 animal skin
rPois    +         Reflect  .   (helmet restricted)
rElec    .         Harm     .   (no cloak)
rCorr    .         Rampage  .   (gloves unavailable)
Will     .....                  (boots unavailable)
Stlth    ++........             f - amulet of guardian spirit
HPRegen  1.24/turn              m - ring of poison resistance
MPRegen  0.11/turn              (no ring)

@: about to teleport, slowed, very slow
A: large, unfitting armour, claws 3, regeneration 1, shaggy fur 1, tough skin 1
a: Renounce Religion, Berserk, Trog's Hand, Brothers in Arms


You were on level 10 of the Dungeon.
You worshipped Trog.
Trog was greatly pleased with you.
You visited 1 branch of the dungeon, and saw 9 of its levels.
You also visited: Ossuary.

You collected 263 gold pieces.

Inventory:

Armour
 a - a +1 animal skin (worn)
Jewellery
 f - an amulet of guardian spirit (around neck)
 h - an amulet of faith
 m - a ring of poison resistance (left claw)
 q - a +4 ring of evasion
Wands
 j - a wand of digging (2)
 k - a wand of iceblast (7)
 p - a wand of paralysis (8)
Scrolls
 c - a scroll of torment
 d - a scroll of magic mapping
 e - a scroll of identify
 g - 2 scrolls of teleportation
 o - a scroll of enchant armour
Potions
 b - 2 potions of curing
 i - a potion of lignification
 n - 2 potions of degeneration
 s - 2 potions of might
 v - a potion of heal wounds
 w - a potion of mutation {unknown}
 x - a potion of ambrosia {unknown}


   Skills:
 + Level 4.6 Fighting
 + Level 5.9 Dodging
 - Level 1.6 Stealth
 + Level 10.5 Unarmed Combat
 + Level 1.1 Evocations


You had 8 spell levels left.
You didn't know any spells.
Your spell library was empty.

Dungeon Overview and Level Annotations

Branches:
Dungeon (10/15)            Temple (0/1) D:7         Ossuary (visited)
   Lair: D:8-11         Orc: D:9-12

Altars:
Okawaru

Shops:
D:6 [

Annotations:
D:10 Josephine


Innate Abilities, Weirdness & Mutations

You are too large for most types of armour.
You have claws for hands.
Your natural rate of healing is unusually fast.
You are covered in fur. (AC +1)
You have tough skin. (AC +1)


Message History

A two-headed ogre comes into view.
It is wielding a +0 dire flail and a +0 giant spiked club.
You barely miss the wraith. The wraith hits you! The wraith drains your vigour!
You feel yourself slow down.
You closely miss the wraith. The wraith barely misses you.
You scratch the wraith. Your claw misses the wraith.
The wraith is lightly damaged.
The wraith hits you!
You scratch the wraith but do no damage.
The wraith is lightly damaged.
The wraith closely misses you.
The two-headed ogre hits you with a +0 dire flail!
The two-headed ogre barely misses you.
You claw Josephine!
Josephine is moderately wounded.
The sentinel's mark upon you fades away.
The two-headed ogre hits you with a +0 dire flail!
The two-headed ogre hits you with a +0 giant spiked club!
* * * LOW HITPOINT WARNING * * *
Okay, then.
You feel much better. Josephine hits you with a +0 dagger.
The two-headed ogre hits you with a +0 dire flail!!
* * * LOW HITPOINT WARNING * * *
The two-headed ogre hits you with a +0 giant spiked club!
* * * LOW HITPOINT WARNING * * *
Josephine hits you but does no damage.
You feel much better.
The two-headed ogre hits you with a +0 dire flail.
The two-headed ogre hits you with a +0 giant spiked club!
* * * LOW HITPOINT WARNING * * *
Josephine says, "How about some decapitation?"
Josephine hits you with a +0 dagger!
* * * LOW HITPOINT WARNING * * *
A wraith comes into view.
As you read the scroll of teleportation, it crumbles to dust.
You feel strangely unstable. Josephine hits you with a +0 dagger.
* * * LOW HITPOINT WARNING * * *
The two-headed ogre hits you with a +0 dire flail.
* * * LOW HITPOINT WARNING * * *
The two-headed ogre hits you with a +0 giant spiked club!
You die...

#..............#.#
#..............#.#
#....###...###...#
#....# ##### #...#
#....# #.#.#
#.##.# #...#
#....# ##'##
#.O..# #... #@##.#
#### #@##.# #WW.W#
#WWW..@...$
#...#..##..
#.......W.
#..$..#### #...#.#
#.....#


You could see Josephine, a two-headed ogre and 5 wraiths.

Vanquished Creatures
  Sigmund (D:3)
  Menkaure (D:4)
  An acid dragon (D:10)
  A black bear (D:6)
  2 sky beasts (D:6)
  2 ogres
  A centaur (D:5)
  A bullfrog (D:5)
  14 scorpions
  A water moccasin zombie (D:5)
  A water moccasin skeleton (D:5)
  5 wights (D:7)
  2 centaur zombies
  A hound (D:6)
  A jelly (D:4)
  3 orc priests (D:3)
  A centaur skeleton (D:4)
  Ijyb (D:4)
  An iguana (D:6)
  2 orc wizards (D:3)
  4 scorpion zombies (Ossuary)
  A killer bee zombie (D:7)
  3 mummies (Ossuary)
  A hound zombie (D:5)
  Robin (D:2)
  4 adders
  A shadow imp (D:6)
  2 white imps
  3 worms
  A dart slug (D:3)
  10 orcs
  2 ball pythons
  4 bats
  6 endoplasms
  A giant cockroach (D:4)
  2 gnoll zombies (Ossuary)
  5 hobgoblins
  4 jackals
  6 kobolds
  A quokka (D:1)
  2 frilled lizards (D:3)
  22 goblins
  3 goblin zombies (Ossuary)
  5 hobgoblin zombies (Ossuary)
  A kobold zombie (Ossuary)
  4 orc zombies (Ossuary)
  5 rats (D:2)
147 creatures vanquished.

Notes
Turn   | Place    | Note
-------+----------+-------------------------------------------
     0 | D:1      | nobodylovesbob the Troll Berserker began the quest for the
                  | Orb.
     0 | D:1      | Reached XP level 1. HP: 22/22 MP: 0/0
    73 | D:1      | Reached XP level 2. HP: 29/29 MP: 1/1
   760 | D:2      | Noticed Robin
   776 | D:2      | Killed Robin
   777 | D:2      | Reached XP level 3. HP: 23/36 MP: 2/2
   784 | D:2      | Reached ** piety under Trog
  1305 | D:2      | Found a faded altar of an unknown god.
  1655 | D:3      | Reached skill level 4 in Unarmed Combat
  1655 | D:3      | Reached XP level 4. HP: 39/45 MP: 3/3
  1673 | D:3      | Reached XP level 5. HP: 23/53 MP: 4/4
  1925 | D:3      | Reached skill level 5 in Unarmed Combat
  2156 | D:3      | Noticed Sigmund
  2170 | D:3      | Killed Sigmund
  2171 | D:3      | Reached XP level 6. HP: 8/61 MP: 5/5
  2786 | D:4      | Reached skill level 6 in Unarmed Combat
  2867 | D:4      | Noticed Menkaure
  2874 | D:4      | Killed Menkaure
  2875 | D:4      | Reached XP level 7. HP: 59/67 MP: 6/6
  2949 | D:4      | Identified the +6 chain mail "Jaojaufa" {Harm *Corrode
                  | Dex+3 SInv}
  3065 | D:4      | Noticed Ijyb
  3091 | D:4      | Killed Ijyb
  3405 | D:5      | Entered Level 5 of the Dungeon
  3551 | D:5      | Reached *** piety under Trog
  3696 | D:5      | Reached skill level 1 in Stealth
  3696 | D:5      | Reached skill level 7 in Unarmed Combat
  3769 | D:5      | Reached skill level 1 in Evocations
  3915 | D:5      | Reached XP level 8. HP: 75/75 MP: 7/7
  4204 | D:6      | Found an iron altar of Okawaru.
  4309 | D:6      | Reached skill level 8 in Unarmed Combat
  4510 | D:6      | Found Peatafek's Antique Armour Shop.
  4608 | D:6      | Found a sand-covered staircase.
  4642 | Ossuary  | Entered an ossuary
  4665 | Ossuary  | Reached skill level 5 in Dodging
  4759 | Ossuary  | Reached skill level 9 in Unarmed Combat
  4925 | Ossuary  | Reached XP level 9. HP: 67/84 MP: 6/8
  4928 | Ossuary  | Reached **** piety under Trog
  5649 | D:7      | Found a staircase to the Ecumenical Temple.
  5716 | D:7      | Reached skill level 10 in Unarmed Combat
  5765 | D:7      | You fall into a shaft and drop 2 floors!
  5820 | D:10     | Entered Level 10 of the Dungeon
  5888 | D:10     | Noticed Josephine
  5892 | D:10     | Noticed a two-headed ogre
  5900 | D:10     | HP: 4/85 [two-headed ogre (3)]
  5900 | D:10     | Mangled by a two-headed ogre

Illustrated notes

Levels and vault maps discovered:
D:1:      saegor_arrival_simple_a, layout_basic
D:2:      layout_loops_ring, shapermc_ecumenical_altar_pompeii, uniq_robin
D:3:      layout_basic, serial_curves, eino_curves_03, eino_curves_03,
          kennysheep_generic_room_3, uniq_sigmund
D:4:      kennysheep_the_goblin_king, layout_loops_ring, uniq_menkaure
D:5:      layout_basic, kennysheep_decorative_pillar
D:6:      layout_basic, marbit_many_paths, serial_shops, shop_fountains,
          nicolae_ossuary_entry_false_entrances
D:7:      layout_basic, minmay_temple_entry_large_hall, dk_noncrumbling_4
D:9:      layout_rooms, minmay_orc_entry_temple_small, corexii_checkpoint_a
D:10:     layout_stronghold, grunt_livestock, uniq_josephine

Skill      XL: |  1  2  3  4  5  6  7  8  9 |
---------------+----------------------------+-----
Fighting       | 3 4 |  4.6
Dodging        | 3 4 5 |  5.9
Unarmed Combat | 4 5 6 7 9 10 | 10.5
Stealth        | 1 |  1.6
Evocations     | 1 |  1.1

Action                   |  1- 3 |  4- 6 |  7- 9 || total
-------------------------+-------+-------+-------++-------
Melee: Unarmed           |    94 |    85 |   263 ||   442
       Punch             |     1 |       |    10 ||    11
Evoke: Wand              |       |     8 |     1 ||     9
  Use: Scroll            |     4 |       |    10 ||    14
       Potion            |     4 |       |     3 ||     7
 Stab: Sleeping          |       |       |     2 ||     2
Armor: Animal skin       |    32 |    24 |    80 ||   136
Dodge: Dodged            |    40 |    33 |   130 ||   203

Table legend: (Time is in decaauts)
 A = Elapsed time spent in this place.
 B = Non-inter-level travel time spent in this place.
 C = Inter-level travel time spent in this place.
 D = Time resting spent in this place.
 E = Time spent auto-exploring this place.
 F = Levels seen in this place.
 G = Mean time per level.
                   A        B        C        D        E       F      G
               +--------+--------+--------+--------+--------+-----+--------+
         Total |   5859 |   5661 |    198 |    257 |   4072 |  10 |  585.9 |
       Dungeon |   5292 |   5094 |    198 |    196 |   3991 |   9 |  588.0 |
       Ossuary |    566 |    566 |      0 |     61 |     81 |   1 |  566.0 |
               +--------+--------+--------+--------+--------+-----+--------+

Top non-repeatable levels by time:
     D:3: 1094 daAuts
     D:2: 831 daAuts
     D:4: 822 daAuts
     D:6: 821 daAuts
     D:5: 765 daAuts
     D:1: 637 daAuts
 Ossuary: 566 daAuts
     D:7: 185 daAuts
    D:10: 79 daAuts
     D:9: 54 daAuts
